 Dungeon Crawl Stone Soup version 0.21-a0-221-gfe971b9 (webtiles) character file.

6405 tidbits the Fighter (level 10, 0/96 HPs)
             Began as a White Draconian Wanderer on Aug 27, 2017.
             Was a Priest of Wu Jian.
             Slain by a centaur warrior (11 damage)
             ... on level 11 of the Dungeon.
             The game lasted 01:01:36 (6195 turns).

tidbits the Fighter (White Draconian Wanderer)      Turns: 6195, Time: 01:01:37

Health: 0/96       AC:  9    Str: 13    XL:     10   Next: 66%
Magic:  17/17      EV: 15    Int: 15    God:    Wu Jian [***...]
Gold:   660        SH:  0    Dex: 15    Spells: 12/18 levels left

rFire    + . .     SeeInvis .   g - +0 dagger (venom)
rCold    + . .     Gourm    .   (no shield)
rNeg     . . .     Faith    .   (armour unavailable)
rPois    .         Spirit   .   (helmet restricted)
rElec    .         Reflect  .   (no cloak)
rCorr    .         Harm     .   G - +1 pair of gloves
MR       .....                  (no boots)
Stlth    +.........             (no amulet)
HPRegen  0.26/turn              W - ring of wizardry
MPRegen  0.15/turn              o - ring of flight

@: drained
A: breathe frost, unfitting armour, fangs 1, agile 1, cold resistance 1, fire
resistance 1, cold-blooded, AC +7
a: Breathe Frost, Renounce Religion, Evoke Flight


You were on level 11 of the Dungeon.
You worshipped Wu Jian.
Wu Jian was most pleased with you.
You were not hungry.

You visited 2 branches of the dungeon, and saw 12 of its levels.
You also visited: Sewer.

You collected 660 gold pieces.

Inventory:

Hand Weapons
 a - a +1 dagger of draining
   (You took it off an orc wizard on level 5 of the Dungeon)
 b - a +2 hand crossbow
 c - a +4 falchion
 e - a +0 dagger of protection
   (You took it off an orc wizard on level 5 of the Dungeon)
 g - a +0 dagger of venom (weapon)
   (You found it on level 2 of the Dungeon)
 l - a +0 hand axe
 v - a +0 whip of venom
   (You found it on level 1 of the Dungeon)
Missiles
 k - 29 sling bullets
 x - 263 arrows
 C - 51 bolts
 H - 7 tomahawks (quivered)
Armour
 G - a +1 pair of gloves (worn)
Jewellery
 o - a ring of flight (right hand)
   (You found it on level 2 of the Dungeon)
 W - a ring of wizardry (left hand)
   (You found it on level 1 of the Dungeon)
Scrolls
 h - a scroll of enchant armour
 i - a scroll of identify
 m - a scroll of enchant weapon {unknown}
 n - 5 scrolls of immolation
 p - 3 scrolls of remove curse {unknown}
 r - 5 scrolls of teleportation
 t - 2 scrolls of fear {unknown}
 u - 5 scrolls of magic mapping
 w - 2 scrolls of noise {unknown}
 y - 2 scrolls of amnesia {unknown}
 A - 4 scrolls of fog
 I - a scroll of blinking
Potions
 d - 2 potions of curing
 j - 3 potions of heal wounds
 q - 3 potions of magic
 s - a potion of flight
 z - a potion of haste
 B - 2 potions of brilliance
 D - a potion of mutation {!q}
 F - 2 potions of lignification
 L - a potion of cancellation
 O - a potion of agility
Books
 J - a book of Geomancy
   (You found it on level 8 of the Dungeon)

   Spells                             Type                      Level
   a - Sandblast                      Earth                        1
   b - Passwall                       Transmutation/Earth          2
   c - Stone Arrow                    Conjuration/Earth            3
   d - Petrify                        Transmutation/Earth          4
   e - Lee's Rapid Deconstruction     Earth                        5
 K - the Papyrus of Fire and Confrontation
   (You found it on level 8 of the Dungeon)

   Spells                             Type                      Level
   a - Conjure Flame                  Conjuration/Fire             3
   b - Dazzling Spray                 Conjuration/Hexes            3
   c - Inner Flame                    Hexes/Fire                   3
   d - Ring of Flames                 Charms/Fire                  7
Comestibles
 f - 3 bread rations
 E - 2 meat rations
 M - 4 royal jellies


   Skills:
 - Level 11.3(10.5) Fighting
 - Level 2.0(1.4) Axes
 - Level 2.6(2.1) Crossbows
 - Level 1.0(0.4) Throwing
 - Level 5.9(5.3) Dodging
 + Level 5.7(5.1) Unarmed Combat
 - Level 4.7(4.1) Spellcasting
 - Level 5.1(4.5) Transmutations
 - Level 5.2(4.6) Earth Magic
 - Level 1.0(0.4) Evocations


You had 12 spell levels left.
You knew the following spells:

 Your Spells              Type           Power        Failure   Level  Hunger
p - Petrify               Tmut/Erth      ###.....     11%         4    ####...
w - Passwall              Tmut/Erth      ###.......   1%          2    ##.....


Dungeon Overview and Level Annotations

Branches:
Dungeon (11/15)            Temple (1/1) D:4            Lair (0/6) D:8
    Orc (0/2) D:9

Altars:
Ashenzari
Cheibriados
Dithmenos
Elyvilon
Fedhas
Gozag
Hepliaklqana
Kikubaaqudgha
Makhleb
Nemelex Xobeh
Okawaru
Qazlal
Ru
Sif Muna
Trog
Uskayaw
Vehumet
Wu Jian
Xom
Yredelemnul
Zin
The Shining One

Shops:
D:4 (


Innate Abilities, Weirdness & Mutations

You can breathe waves of freezing cold.
You can buffet flying creatures when you breathe cold.
Your icy white scales are hard. (AC +7)
You cannot fit into any form of body armour.
Your flesh is cold resistant. (rC+)
You are cold-blooded and may be slowed by cold attacks.
You have very sharp teeth.
You are agile. (Dex +2)
Your flesh is heat resistant. (rF+)


Message History

Found 12 gold pieces.
You now have 660 gold pieces (gained 12).
A centaur warrior comes into view.
The centaur warrior shouts!
The centaur warrior moves out of view.
The centaur warrior wields a shortbow.
The centaur warrior shoots an arrow.
The arrow misses you.
The centaur warrior shoots an arrow.
The arrow hits you!
You see here 2 arrows.
The centaur warrior shoots an arrow.
The arrow misses you.
You see here an arrow.
The centaur warrior shoots an arrow.
The arrow hits you!
You see here an arrow.
Wield which item (- for none, * to show all)? (? for menu, Esc to quit)
Your +0 dagger of venom begins to drip with poison!
g - a +0 dagger of venom (weapon)
The centaur warrior unwields an uncursed shortbow.
The centaur warrior hits you but does no damage.
You see here an arrow.
You spin and attack the centaur warrior.
You hit the centaur warrior.
The centaur warrior is poisoned.
The centaur warrior is lightly wounded.
The centaur warrior barely misses you. x2
You spin and attack the centaur warrior.
You hit the centaur warrior.
The centaur warrior looks as sick as possible!
The centaur warrior is lightly wounded.
The centaur warrior hits you!
You see here an arrow.
You spin and attack the centaur warrior.
You hit the centaur warrior but do no damage.
The centaur warrior is lightly wounded.
The centaur warrior completely misses you.
The centaur warrior hits you.
You spin and attack the centaur warrior.
You hit the centaur warrior.
The centaur warrior looks as sick as possible!
Your punch misses the centaur warrior.
The centaur warrior is lightly wounded.
The centaur warrior hits you.
You see here an arrow.
You spin and attack the centaur warrior.
You hit the centaur warrior.
The centaur warrior is lightly wounded.
The centaur warrior hits you! x2
* * * LOW HITPOINT WARNING * * *
You spin and attack the centaur warrior.
You hit the centaur warrior.
The centaur warrior looks as sick as possible!
The centaur warrior is moderately wounded.
The centaur warrior hits you.
* * * LOW HITPOINT WARNING * * *
You see here an arrow.
You spin and attack the centaur warrior.
You hit the centaur warrior.
The centaur warrior looks as sick as possible!
The centaur warrior is moderately wounded.
The centaur warrior closely misses you. The centaur warrior hits you.
* * * LOW HITPOINT WARNING * * *
You spin and attack the centaur warrior.
You barely miss the centaur warrior.
You bite the centaur warrior, but do no damage.
The centaur warrior is moderately wounded.
The centaur warrior completely misses you.
You see here an arrow.
You spin and attack the centaur warrior.
You hit the centaur warrior but do no damage.
The centaur warrior is moderately wounded.
The centaur warrior completely misses you.
The centaur warrior hits you!
* * * LOW HITPOINT WARNING * * *
Wield which item (- for none, * to show all)? (? for menu, Esc to quit)
Your +0 dagger of venom stops dripping with poison.
You sense an unholy aura.
a - a +1 dagger of draining (weapon)
The centaur warrior hits you.
* * * LOW HITPOINT WARNING * * *
You spin and attack the centaur warrior.
You hit the centaur warrior. You drain the centaur warrior!
You tail-slap the centaur warrior, but do no damage.
You bite the centaur warrior, but do no damage.
The centaur warrior is heavily wounded.
The centaur warrior hits you.
* * * LOW HITPOINT WARNING * * *
You see here an arrow.
Wield which item (- for none, * to show all)? (? for menu, Esc to quit)
Your +0 dagger of venom begins to drip with poison!
g - a +0 dagger of venom (weapon)
The centaur warrior hits you but does no damage.
You spin and attack the centaur warrior.
You barely miss the centaur warrior.
The centaur warrior is severely wounded.
The centaur warrior hits you!
* * * LOW HITPOINT WARNING * * *
You spin and attack the centaur warrior.
You hit the centaur warrior. You tail-slap the centaur warrior.
The centaur warrior is severely wounded.
The centaur warrior hits you!
* * * LOW HITPOINT WARNING * * *
The centaur warrior hits you!
You die...

#.####......#######
####..............>...
#...<.....####.######
#.######### #.# # #.#
#.# #.# #.#### #..@.#
####c# #.# #(# #.# #.#
... ... .....


You could see a centaur warrior.

Vanquished Creatures
  A two-headed ogre (D:9)
  An unseen horror (D:10)
  6 yaks (D:8)
  4 hogs (D:8)
  A basilisk (D:8)
  A human (D:8)
  2 hungry ghosts (D:9)
  A porcupine (D:8)
  2 black bears
  Purgy (Sewer)
  An ice beast (D:5)
  A sky beast (D:7)
  3 ogres
  2 necrophages
  2 phantoms (D:9)
  5 centaurs
  A crocodile (D:8)
  2 bullfrogs
  2 troll zombies (D:9)
  9 wights (D:9)
  A crimson imp (D:9)
  A bullfrog zombie (D:10)
  2 centaur zombies (D:8)
  A hound (D:4)
  2 jellies
  3 orc priests (D:9)
  4 iguanas
  6 orc wizards
  6 worker ants
  4 ogre zombies (D:9)
  A hound zombie (D:8)
  A hound skeleton (D:9)
  A worker ant zombie (D:6)
  A howler monkey skeleton (D:4)
  6 gnolls
  10 adders
  2 shadow imps
  An adder skeleton (D:4)
  A worm (D:4)
  A dart slug (D:4)
  6 leopard geckos
  17 orcs
  8 giant cockroaches
  4 goblins
  3 hobgoblins
  7 jackals
  3 quokkas (D:2)
  6 ball pythons
  3 bats
  7 frilled lizards
  3 goblin skeletons (D:9)
  3 goblin zombies (D:9)
  3 hobgoblin zombies (D:9)
  4 kobolds
  An orc skeleton (D:9)
  8 orc zombies (D:9)
  A quokka skeleton (D:6)
  4 rats
  A plant (D:4)
195 creatures vanquished.

Vanquished Creatures (others)
  3 plants (D:8)
3 creatures vanquished.

Grand Total: 198 creatures vanquished

Notes
Turn   | Place    | Note
-------+----------+-------------------------------------------
     0 | D:1      | tidbits the Draconian Wanderer began the quest for the Orb.
     0 | D:1      | tidbits set off with: a +2 hand crossbow, 22 bolts, a +0 hand axe, a potion of lignification, a bread ration
     0 | D:1      | Reached XP level 1. HP: 19/19 MP: 1/1
   110 | D:1      | Reached skill level 1 in Dodging
   131 | D:1      | Reached XP level 2. HP: 15/26 MP: 2/2
   498 | D:1      | Gained mutation: Your flesh is heat resistant. (rF+) [potion of mutation]
   498 | D:1      | Gained mutation: You are agile. (Dex +2) [potion of mutation]
   498 | D:1      | Gained mutation: You have very sharp teeth. [potion of mutation]
   739 | D:3      | Reached skill level 4 in Fighting
   751 | D:3      | Reached XP level 3. HP: 27/33 MP: 3/3
   919 | D:3      | Reached skill level 2 in Dodging
   942 | D:3      | Found a glowing drain.
   953 | Sewer    | Entered a sewer
   988 | Sewer    | Reached XP level 4. HP: 37/41 MP: 4/4
  1018 | Sewer    | Noticed Purgy
  1035 | Sewer    | Killed Purgy
  1035 | Sewer    | Reached skill level 5 in Fighting
  1035 | Sewer    | Reached skill level 3 in Dodging
  1035 | Sewer    | Reached XP level 5. HP: 48/48 MP: 5/5
  1347 | D:4      | Found a staircase to the Ecumenical Temple.
  1407 | Temple   | Entered the Ecumenical Temple
  1446 | Temple   | Became a worshipper of the Wu Jian Council
  1500 | D:4      | Reached XP level 6. HP: 36/57 MP: 6/6
  1583 | D:4      | Found Unib's Weapon Boutique.
  1647 | D:4      | Reached skill level 6 in Fighting
  1775 | D:5      | Entered Level 5 of the Dungeon
  1915 | D:5      | Noticed an ice beast
  1930 | D:5      | Reached skill level 4 in Dodging
  2159 | D:5      | Killed an ice beast
  2383 | D:5      | Your scales start taking on an icy white colour.
  2383 | D:5      | Reached XP level 7. HP: 63/64 MP: 7/7
  2383 | D:5      | Gained mutation: Your flesh is cold resistant. (rC+) [White Draconian growth]
  2485 | D:5      | Found an iron altar of Okawaru.
  2560 | D:5      | Reached skill level 7 in Fighting
  2627 | D:6      | Reached skill level 5 in Dodging
  2887 | D:7      | Found a glowing golden altar of the Shining One.
  2990 | D:7      | Reached * piety under Wu Jian
  2996 | D:7      | Noticed a hippogriff
  3025 | D:8      | Reached skill level 8 in Fighting
  3076 | D:8      | Reached XP level 8. HP: 67/74 MP: 8/8
  3152 | D:8      | Learned a level 2 spell: Passwall
  3188 | D:8      | Identified the Papyrus of Fire and Confrontation
  3251 | D:8      | Reached skill level 1 in Transmutations
  3251 | D:8      | Reached skill level 1 in Earth Magic
  3294 | D:8      | Found a staircase to the Lair.
  3336 | D:8      | Reached skill level 1 in Spellcasting
  3392 | D:8      | Reached skill level 2 in Spellcasting
  3392 | D:8      | Reached skill level 2 in Transmutations
  3392 | D:8      | Reached skill level 2 in Earth Magic
  3426 | D:8      | Reached skill level 3 in Transmutations
  3426 | D:8      | Reached skill level 3 in Earth Magic
  3512 | D:8      | Reached skill level 9 in Fighting
  3512 | D:8      | Reached XP level 9. HP: 37/83 MP: 13/13
  3664 | D:9      | Found a blossoming altar of Fedhas.
  3752 | D:9      | Found a staircase to the Orcish Mines.
  3755 | D:9      | Reached ** piety under Wu Jian
  3780 | D:9      | Reached skill level 10 in Fighting
  3869 | D:9      | Noticed a two-headed ogre
  3886 | D:9      | Learned a level 4 spell: Petrify
  3921 | D:9      | Killed a two-headed ogre
  3921 | D:9      | Reached skill level 11 in Fighting
  4083 | D:7      | Reached skill level 3 in Spellcasting
  4212 | D:7      | Reached skill level 4 in Earth Magic
  4332 | D:8      | Reached skill level 4 in Transmutations
  4343 | D:8      | Reached XP level 10. HP: 43/96 MP: 15/15
  4457 | D:8      | Reached skill level 4 in Spellcasting
  4487 | D:8      | Reached skill level 5 in Earth Magic
  4530 | D:8      | Found a bloodstained altar of Trog.
  4794 | D:9      | Reached skill level 5 in Transmutations
  4961 | D:9      | Reached skill level 1 in Unarmed Combat
  5054 | D:9      | Reached skill level 2 in Unarmed Combat
  5354 | D:9      | Reached *** piety under Wu Jian
  5402 | D:10     | Entered Level 10 of the Dungeon
  5429 | D:10     | Killed an unseen horror
  5429 | D:10     | Reached skill level 4 in Unarmed Combat
  5698 | D:10     | Reached skill level 5 in Unarmed Combat
  6172 | D:11     | Noticed a centaur warrior
  6195 | D:11     | Slain by a centaur warrior

Vault maps used:
D:1:      lemuel_arrival_tunnels, minmay_strange_pillars
D:2:      kennysheep_generic_room_2, uniq_robin
D:3:      portal_sewer_entry_d
D:4:      cheibrodos_greedy_goblins, minmay_temple_entry_trees, first_bread,
          serial_shops, shop_fountains, serial_forest,
          infiniplex_forest_clump_long, infiniplex_forest_clump_curved,
          infiniplex_forest_3_way, infiniplex_forest_straight_4,
          infiniplex_forest_straight_3, infiniplex_forest_clump_small
D:5:      cheibrodos_quashed, basic_altar
D:6:      serial_shops, shop_scrolls, uniq_menkaure
D:7:      basic_altar
D:8:      lightli_temple_of_fire, minmay_lair_entry_grove, grunt_livestock
D:9:      zombieorc1_lemuel, basic_altar, roderic_nine_men_s_morris,
          minmay_another_anthill
Temple:   kilobyte_greek_temple
Sewer:    sewer_co_purgy_island

Skill      XL: |  1  2  3  4  5  6  7  8  9 10 |
---------------+-------------------------------+-----
Dodging        | 1 2 3 4 5 |  5.9
Fighting       | 4 5 6 8 9 11 | 11.3
Transmutations | 3 4 5 |  5.1
Earth Magic    | 3 4 5 |  5.2
Spellcasting   | 2 3 4 |  4.7
Unarmed Combat | 5 |  5.7
Axes           | |  2.0
Crossbows      | |  2.6
Throwing       | |  1.0
Evocations     | |  1.0

Action                   |  1- 3 |  4- 6 |  7- 9 | 10-12 || total
-------------------------+-------+-------+-------+-------++-------
Melee: Whip              |    27 |   145 |    27 |       ||   199
       Tailslap          |     2 |    17 |    39 |    50 ||   108
       Bite              |     1 |    21 |    31 |    31 ||    84
       Unarmed           |       |     7 |       |       ||     7
       Dagger            |       |       |   227 |   341 ||   568
       Hand crossbow     |       |       |     1 |       ||     1
       Punch             |       |       |       |     3 ||     3
 Fire: Hand crossbow     |    70 |    64 |   168 |   124 ||   426
Throw: Tomahawk          |       |       |     7 |     1 ||     8
 Cast: Passwall          |       |       |     1 |     1 ||     2
       Petrify           |       |       |     3 |     5 ||     8
 Abil: Breathe Frost     |       |       |     6 |     2 ||     8
  Use: Scroll            |     2 |     6 |     4 |     2 ||    14
       Potion            |     1 |     4 |     1 |     1 ||     7
 Stab: Sleeping          |       |       |     1 |       ||     1
       Petrified         |       |       |     8 |    14 ||    22
  Eat: Chunk             |       |     3 |     2 |     2 ||     7
       Bread ration      |       |     1 |     1 |     1 ||     3
       Royal jelly       |       |       |     1 |       ||     1
       Fruit             |       |       |     3 |       ||     3
       Meat ration       |       |       |       |     1 ||     1
Armor: Skin              |    16 |    81 |    96 |   116 ||   309
Dodge: Dodged            |    34 |    88 |   234 |   270 ||   626

Table legend:
 A = Spawn XP
 B = Non-spawn XP
 C = Spawn XP percentage of total XP
 D = Spawn monster count
 E = Non-spawn monster count
 F = Spawn count percentage of total count
 G = Total turns spent on level
                    A         B        C        D         E        F      G
               +---------+---------+-------+---------+---------+-------+---------
         Total |     599 |    8551 |   6.5 |      17 |     177 |   8.8 |  6195
               +---------+---------+-------+---------+---------+-------+---------
           D:1 |       0 |      21 |   0.0 |       0 |      12 |   0.0 |   500
           D:2 |       0 |      34 |   0.0 |       0 |      14 |   0.0 |   300
           D:3 |       4 |      55 |   6.8 |       3 |      11 |  21.4 |   270
           D:4 |       0 |     176 |   0.0 |       0 |      17 |   0.0 |   422
           D:5 |     127 |     257 |  33.1 |       1 |      10 |   9.1 |   679
           D:6 |      45 |     212 |  17.5 |       3 |       7 |  30.0 |   377
           D:7 |       5 |     833 |   0.6 |       2 |      16 |  11.1 |   440
           D:8 |      93 |    3306 |   2.7 |       3 |      28 |   9.7 |  1119
           D:9 |     194 |    2515 |   7.2 |       4 |      48 |   7.7 |  1311
          D:10 |     131 |     983 |  11.8 |       1 |       5 |  16.7 |   451
         Sewer |       0 |     159 |   0.0 |       0 |       9 |   0.0 |   205
               +---------+---------+-------+---------+---------+-------+---------

Table legend:
 A = Turns spent in this place as a percentage of turns spent in the entire game.
 B = Non-inter-level travel turns spent in this place as a percentage of non-inter-level travel turns spent in the entire game.
 C = Inter-level travel turns spent in this place as a percentage of turns spent in this place.
 D = Turns resting spent in this place as a percentage of non-inter-level travel turns spent in this place.
 E = Turns spent auto-exploring this place as a percentage of non-inter-level travel turns spent in this place.
 F = Non-inter-level travel turns spent in this place divided by the number of levels of this place that you've seen.
                   A       B       C       D       E      F
               +-------+-------+-------+-------+-------+----------------------
         Total | 100.0 | 100.0 |   1.8 |   0.0 |   0.0 | 468.0
       Dungeon |  95.4 |  96.0 |   1.3 |   0.0 |   0.0 | 530.7
        Temple |   1.3 |   0.7 |  47.4 |   0.0 |   0.0 |  41.0
         Sewer |   3.3 |   3.4 |   0.0 |   0.0 |   0.0 | 205.0
               +-------+-------+-------+-------+-------+----------------------

Table legend:
 A = Kills in this place as a percentage of kills in entire the game.
 B = Kills by you in this place as a percentage of kills by you in the entire game.
 C = Kills by friends in this place as a percentage of kills by friends in the entire game.
 D = Other kills in this place as a percentage of other kills in the entire game.
 E = Experience gained in this place as a percentage of experience gained in the entire game.
 F = Experience gained in this place divided by the number of levels of this place that you have seen.
                   A       B       C       D       E      F
               +-------+-------+-------+-------+-------+----------------------
         Total | 100.0 | 100.0 |   N/A |   N/A | 100.0 | 703.8
       Dungeon |  95.4 |  95.4 |   N/A |   N/A |  98.3 | 817.4
         Sewer |   4.6 |   4.6 |   N/A |   N/A |   1.7 | 159.0
               +-------+-------+-------+-------+-------+----------------------

Vault maps used:
D:1:      lemuel_arrival_tunnels, minmay_strange_pillars
D:2:      kennysheep_generic_room_2, uniq_robin
D:3:      portal_sewer_entry_d
D:4:      cheibrodos_greedy_goblins, minmay_temple_entry_trees, first_bread,
          serial_shops, shop_fountains, serial_forest,
          infiniplex_forest_clump_long, infiniplex_forest_clump_curved,
          infiniplex_forest_3_way, infiniplex_forest_straight_4,
          infiniplex_forest_straight_3, infiniplex_forest_clump_small
D:5:      cheibrodos_quashed, basic_altar
D:6:      serial_shops, shop_scrolls, uniq_menkaure
D:7:      basic_altar
D:8:      lightli_temple_of_fire, minmay_lair_entry_grove, grunt_livestock
D:9:      zombieorc1_lemuel, basic_altar, roderic_nine_men_s_morris,
          minmay_another_anthill
Temple:   kilobyte_greek_temple
Sewer:    sewer_co_purgy_island
